AoeStats
← Cala

African Clearing

505267384Analyzed
2v2 RM · 25d ago on Sep 8, 2026· 49m 33s· 4 players
Game mode
Random Map
Map size
Medium (4 player)
Population
200
Speed
Normal
Resources
Standard
Victory
Conquest
Starting age
Dark Age
Ending age
Imperial Age
RankedLock teamsTeams togetherTeam positionsShared explorationLock speedFull tech treeHidden civsTurbo modeCheats
Victory
Defeat
🇺🇸 Mongols · United States
1036
+18
🇺🇸 Huns · United States
1035
+18
🇦🇷 Magyars · Argentina
1079
-18
🇦🇷 Vietnamese · Argentina
1078
-18
KentaviousJR
8:57 Loom
16:09 Feudal Age
21:34 Castle Age
21:40 Elite Skirmisher
22:21 Fletching
25:39 Double-Bit Axe
27:25 Wheelbarrow
31:07 Loom
31:17 Horse Collar
32:07 Hand Cart
32:34 Heavy Plow
32:55 Bow Saw
35:16 Gold Mining
41:12 Imperial Age
39:08 Bodkin Arrow
41:27 Husbandry
41:39 Bloodlines
42:46 Elite Tarkan
44:11 Masonry
46:02 Masonry
48:10 Gold Shaft Mining
48:00 Guilds
Haze42020
13:09 Feudal Age
14:11 Loom
17:04 Castle Age
24:18 Fletching
31:11 Wheelbarrow
31:38 Horse Collar
31:46 Double-Bit Axe
32:50 Bow Saw
33:16 Ballistics
33:29 Bodkin Arrow
35:03 Padded Archer Armor
36:11 Stone Mining
36:29 Gold Mining
36:52 Caravan
38:22 Hand Cart
39:06 Gold Shaft Mining
39:06 Stone Shaft Mining
40:16 Heavy Plow
43:44 Imperial Age
41:06 Light Cavalry
42:29 Stone Shaft Mining
42:25 Scale Barding Armor
42:51 Bloodlines
42:45 Husbandry
43:44 Thumb Ring
43:57 Leather Archer Armor
44:04 Onager
46:41 Chain Barding Armor
48:38 Chemistry
48:51 Siege Onager
50:10 Parthian Tactics
Jũăŋpủsh
4:55 Loom
14:59 Feudal Age
18:55 Castle Age
18:58 Stone Mining
18:55 Double-Bit Axe
20:00 Bow Saw
21:10 Fletching
25:00 Ballistics
27:00 Horse Collar
31:13 Heavy Plow
34:10 Bodkin Arrow
40:18 Imperial Age
39:43 Padded Archer Armor
45:36 Bloodlines
45:47 Scale Barding Armor
46:14 Leather Archer Armor
49:41 Murder Holes
Cala
7:02 Loom
13:48 Feudal Age
17:36 Scale Barding Armor
25:38 Castle Age
25:09 Stone Mining
25:14 Gold Mining
25:11 Horse Collar
30:53 Husbandry
37:54 Double-Bit Axe
39:26 Chain Barding Armor
42:16 Bloodlines
43:33 Wheelbarrow
45:44 Imperial Age
45:45 Corvinian Army
50:31 Plate Barding Armor
Connection lost

Rejoining the realm…

Still unreachable

The connection could not be restored.

Session expired

The server has moved on; the page needs a fresh start.